 Dungeon Crawl Stone Soup version 0.20.0-10-g0535bb4 (webtiles) character file.

65 blackwizard the Gusty (level 3, -5/31 HPs)
             Began as a Troll Air Elementalist on June 6, 2017.
             Slain by a gnoll
             ... wielding a +0 flail
              (7 damage)
             ... on level 2 of the Dungeon.
             The game lasted 00:04:54 (1121 turns).

blackwizard the Gusty (Troll Air Elementalist)      Turns: 1121, Time: 00:04:55

Health: -5/31      AC:  5    Str: 17    XL:     3   Next: 94%
Magic:  1/4        EV: 10    Int: 11    God:
Gold:   31         SH:  0    Dex: 10    Spells: 4/5 levels left

rFire    . . .     SeeInvis .   e - +0 dagger
rCold    . . .     Gourm    +   (no shield)
rNeg     . . .     Faith    .   a - +0 robe
rPois    .         Spirit   .   (helmet restricted)
rElec    .         Reflect  .   (no cloak)
rCorr    .         Harm     .   (gloves unavailable)
MR       .....                  (boots unavailable)
Stlth    +.........             (no amulet)
Regen    0.5/turn               (no ring)
MPRegen  0.1/turn               (no ring)

@: no status effects
A: unfitting armour, claws 3, fast metabolism 3, gourmand, regeneration 1,
shaggy fur 1, tough skin 2
a: no special abilities


You were on level 2 of the Dungeon.
You were not hungry.

You visited 1 branch of the dungeon, and saw 2 of its levels.

You collected 31 gold pieces.

Inventory:

Hand Weapons
 e - a +0 dagger (weapon)
 h - a +0 short sword
Missiles
 l - 15 stones (quivered)
 m - 7 sling bullets
Armour
 a - a +0 robe (worn)
Scrolls
 d - a scroll of enchant weapon {unknown}
 g - 2 scrolls of identify {unknown}
 j - a scroll of fog {unknown}
Potions
 k - a potion of heal wounds {unknown}
 n - a potion of curing {unknown}
Books
 b - a book of Air

   Spells                             Type                      Level
   a - Shock                          Conjuration/Air              1
   b - Swiftness                      Charms/Air                   2
   c - Static Discharge               Conjuration/Air              3
   d - Airstrike                      Air                          4
   e - Lightning Bolt                 Conjuration/Air              5
Comestibles
 c - a bread ration
 f - 2 chunks of flesh
 i - 4 fruits
 o - a meat ration


   Skills:
 + Level 0.1 Fighting
 + Level 0.2 Short Blades
 + Level 2.2 Dodging
 + Level 1.2 Stealth
 + Level 0.4 Unarmed Combat
 + Level 1.5 Spellcasting
 + Level 0.9 Conjurations
 + Level 2.3 Air Magic


You had 4 spell levels left.
You knew the following spells:

 Your Spells              Type           Power        Failure   Level  Hunger
a - Shock                 Conj/Air       #...         16%         1    ##.....


Dungeon Overview and Level Annotations

Branches:
Dungeon (2/15)

Altars:


Innate Abilities, Weirdness & Mutations

You are too large for most types of armour.
You have claws for hands.
Your metabolism is lightning-fast.
You like to eat raw meat.
Your natural rate of healing is unusually fast.
You are covered in fur. (AC +1)
You have very tough skin. (AC +2)


Message History

You hit the gnoll.
The gnoll is severely wounded.
The gnoll hits you.
You barely miss the gnoll.
The gnoll is severely wounded.
The gnoll barely misses you.
You hit the gnoll.
The gnoll is almost dead.
The gnoll hits you.
You hit the gnoll.
You kill the gnoll!
Your magical contamination has completely faded away.
You barely miss the gnoll.
The gnoll is severely wounded.
The gnoll hits you with a flail!
* * * LOW HITPOINT WARNING * * *
You closely miss the gnoll.
The gnoll is severely wounded.
The gnoll hits you with a flail!
You die...

### #.# ###############.###
#........g@...<...#
#.###############.###### #.#....#
###############.#.##.#
#...........<.....##.#
#########.#############.####.##
........#.............#......)#
#######.###########.########..###
...............#...........#....#


You could see a gnoll.

Vanquished Creatures
  2 gnolls (D:2)
  An adder (D:2)
  2 oozes (D:1)
  A worm (D:2)
  A dart slug (D:1)
  2 leopard geckos (D:1)
  3 bats (D:1)
  3 goblins (D:1)
  A hobgoblin (D:1)
  A ball python (D:1)
  A frilled lizard (D:2)
  3 kobolds (D:1)
  2 rats (D:1)
23 creatures vanquished.

Notes
Turn   | Place    | Note
-------+----------+-------------------------------------------
     0 | D:1      | blackwizard the Troll Air Elementalist began the quest for the Orb.
     0 | D:1      | Reached XP level 1. HP: 16/16 MP: 1/1
   223 | D:1      | Reached XP level 2. HP: 24/24 MP: 3/3
   561 | D:1      | Reached XP level 3. HP: 19/31 MP: 1/4
   774 | D:1      | You fall through a shaft!
  1120 | D:2      | HP: 1/31 [gnoll/flail (14)]
  1121 | D:2      | Slain by a gnoll

Skill      XL: |  1  2  3 |
---------------+----------+-----
Dodging        | 2 |  2.2
Fighting       | |  0.1
Short Blades   | |  0.2
Stealth        | |  1.2
Unarmed Combat | |  0.4
Spellcasting   | |  1.5
Conjurations   | |  0.9
Air Magic      | |  2.3

Action                   || total
-------------------------++-------
Melee: Dagger            ||   104
       Unarmed           ||     6
 Cast: Shock             ||    18
  Eat: Bread ration      ||     2
       Chunk             ||     2
Armor: Robe              ||    43
Dodge: Dodged            ||    80
